Map: Newkirk Precinct TE (Void)

Players

PtitDrogo - Winner!

  • Race: Protoss Protoss
  • Spawn Location: 7:00

qbeN

  • Race: Protoss Protoss
  • Spawn Location: 5:00

Event: IEM XI Katowice - World Championship 2017

VOD

Have the link to the VOD?

Description

Time

  • Played on: Feb. 28, 2017, 8:33 a.m.
  • Length: 7:02

All games in this series

Show
View Real Time Build Order
Export as new Build Order

PtitDrogo Protoss - Winner!

Build Orders:  

Get SALT Encoding   

  12  0:01  Probe (Chrono Boost)  
  13  0:11  Probe (Chrono Boost)  
  14  0:19  Pylon  
  14  0:22  Probe (Chrono Boost)  
  15  0:37  Gateway, Probe (Chrono Boost)  
  16  0:43  Assimilator  
  16  0:47  Probe (Chrono Boost)  
  17  0:58  Probe (Chrono Boost)  
  17  0:59  Assimilator  
  18  1:06  Gateway  
  18  1:10  Probe (Chrono Boost)  
  19  1:20  Probe (Chrono Boost)  
  19  1:24  Cybernetics Core  
  20  1:31  Probe (Chrono Boost)  
  21  1:35  Pylon  
  21  1:42  Probe (Chrono Boost)  
  21  1:46  Warp Gate  
  22  1:52  Probe (Chrono Boost)  
  23  2:01  Stalker  
  25  2:02  Stalker  
  27  2:12  Mothership Core (Chrono Boost)  
  29  2:21  Pylon  
  29  2:32  Probe (Chrono Boost)  
  30  2:39  Stalker x2  
  34  3:05  Nexus  
  34  3:10  Sentry  
  36  3:17  Robotics Facility  
  36  3:25  Probe (Chrono Boost)  
  37  3:28  Pylon  
  37  3:37  Probe (Chrono Boost)  
  38  3:47  Probe (Chrono Boost)  
  39  3:49  Sentry  
  41  3:55  Twilight Council  
  41  3:58  Probe (Chrono Boost)  
  42  4:05  Observer  
  42  4:09  Probe (Chrono Boost)  
  44  4:19  Probe x2 (Chrono Boost)  
  46  4:29  Phoenix  
  46  4:30  Probe (Chrono Boost)  
  46  4:31  Blink, Probe (Chrono Boost)  
  52  4:37  Pylon  
  52  4:40  Probe (Chrono Boost)  
  52  4:43  Probe (Chrono Boost)  
  53  4:50  Forge  
  53  4:51  Probe (Chrono Boost)  
  50  4:55  Probe (Chrono Boost)  
  50  4:57  Immortal  
  55  5:01  Probe (Chrono Boost)  
  57  5:07  Probe (Chrono Boost)  
  57  5:10  Stalker  
  57  5:11  Stalker  
  57  5:12  Probe (Chrono Boost)  
  62  5:19  Probe (Chrono Boost)  
  63  5:25  Pylon, Phoenix  
  63  5:26  Probe (Chrono Boost)  
  63  5:27  Assimilator  
  64  5:30  Pylon  
  64  5:31  Pylon, Probe (Chrono Boost)  
  64  5:35  Stalker  
  67  5:36  Photon Cannon  
  66  5:44  Photon Cannon  
  66  5:47  Photon Cannon  
  66  5:52  Sentry  
  66  5:56  Gateway  
  68  5:59  Immortal  
  68  6:02  Sentry  
  69  6:14  Probe (Chrono Boost)  
  69  6:16  Probe (Chrono Boost)  
  69  6:26  Zealot x2, Probe (Chrono Boost)  
  69  6:28  Probe (Chrono Boost)  
  74  6:39  Probe (Chrono Boost)  
  76  6:40  Probe (Chrono Boost)  
  70  6:47  Stalker x2  
Show
View Real Time Build Order
Export as new Build Order

qbeN Protoss 

Build Orders: Oracle Opening 

Get SALT Encoding   

  12  0:00  Probe (Chrono Boost)  
  13  0:11  Probe (Chrono Boost)  
  14  0:18  Pylon  
  14  0:22  Probe (Chrono Boost)  
  15  0:36  Probe (Chrono Boost)  
  15  0:37  Gateway  
  16  0:47  Probe (Chrono Boost)  
  16  0:48  Assimilator  
  17  0:52  Assimilator  
  17  0:58  Probe (Chrono Boost)  
  18  1:08  Probe (Chrono Boost)  
  19  1:13  Gateway  
  19  1:19  Probe (Chrono Boost)  
  20  1:26  Cybernetics Core  
  20  1:29  Probe (Chrono Boost)  
  21  1:34  Pylon  
  22  1:40  Probe (Chrono Boost)  
  22  1:50  Probe (Chrono Boost)  
  22  1:52  Warp Gate  
  24  2:02  Adept x2  
  24  2:07  Mothership Core (Chrono Boost)  
  29  2:11  Pylon  
  29  2:26  Probe (Chrono Boost)  
  30  2:36  Adept  
  30  2:37  Stargate  
  33  2:38  Probe (Chrono Boost)  
  33  2:46  Adept  
  33  2:50  Probe (Chrono Boost)  
  36  2:57  Pylon  
  36  3:15  Probe (Chrono Boost)  
  37  3:21  Fleet Beacon  
  37  3:30  Probe (Chrono Boost)  
  36  3:38  Oracle  
  37  3:41  Gateway  
  37  3:42  Probe (Chrono Boost)  
  40  3:53  Gateway  
  40  4:12  Pylon  
  40  4:23  Zealot x2  
  45  4:40  Probe (Chrono Boost)  
  51  4:48  Pylon  
  51  4:49  Stalker  
  51  4:50  Zealot  
  55  4:54  Pylon  
  55  5:08  Stalker x2  
  59  5:15  Stalker  
  59  5:16  Zealot  
  63  5:22  Pylon  
  63  5:30  Stalker  
  63  5:32  Zealot  
  67  5:41  Stalker  
  69  5:45  Stalker  
  71  5:54  Stalker  
  73  6:00  Zealot  
  75  6:18  Stalker x2  
  75  6:19  Stalker  
  78  6:30  Pylon  
  68  6:44  Zealot, Stalker x2  

Tags
 
Add a new tag
Caveats
  • Supply blocks, unpowered buildings, or Contaminate may cause inaccurate times.
  • Supply counts are checked every 10 seconds.